 Dungeon Crawl Stone Soup version 0.22-a0-458-gb446440 (webtiles) character file.

203 4thArraOfDagon the Chopper (level 5, -1/47 HPs)
             Began as a Hill Orc Fighter on June 8, 2018.
             Slain by a crimson imp (3 damage)
             ... on level 5 of the Dungeon.
             The game lasted 00:03:28 (673 turns).

4thArraOfDagon the Chopper (Hill Orc Fighter)        Turns: 673, Time: 00:03:29

Health: -1/47      AC:  8    Str: 19    XL:     5   Next: 81%
Magic:  14/14      EV:  9    Int:  7    God:
Gold:   19         SH:  0    Dex: 10    Spells: 4/4 levels left

rFire    . . .     SeeInvis .   a - +0 war axe
rCold    . . .     Gourm    .   (no shield)
rNeg     . . .     Faith    .   b - +0 scale mail
rPois    +         Spirit   .   j - +0 helmet
rElec    .         Reflect  .   (no cloak)
rCorr    .         Harm     .   (no gloves)
MR       .....                  (no boots)
Stlth    ..........             (no amulet)
HPRegen  0.15/turn              e - ring of magical power
MPRegen  0.14/turn              (no ring)

@: hasted, very quick
A: dopey 1, poison resistance
a: no special abilities


You were on level 5 of the Dungeon.
You were not hungry.

You visited 1 branch of the dungeon, and saw 5 of its levels.

You collected 103 gold pieces.
You spent 84 gold pieces at shops.

Inventory:

Hand Weapons
 a - a +0 war axe (weapon)
Armour
 b - a +0 scale mail (worn)
 j - a +0 helmet (worn)
Jewellery
 e - a ring of magical power (left hand)
Scrolls
 c - 4 scrolls of identify {unknown}
 d - a scroll of blinking {unknown}
 g - a scroll of magic mapping {unknown}
Comestibles
 f - 3 rations


   Skills:
 + Level 4.9 Fighting
 * Level 5.7 Axes
 + Level 4.4 Armour
   Level 3.2 Shields


You had 4 spell levels left.
You didn't know any spells.
Your spell library contained the following spells:

 Spells                   Type           Power        Failure   Level  Hunger
 Confuse                  Hex            #.......     99%         3    ####...
 Confusing Touch          Hex            #.....       80%         1    ##.....
 Metabolic Englaciation   Hex/Ice        #.........   100%        5    ######.
 Petrify                  Tmut/Erth      #.......     100%        4    #####..
 Gell's Gravitas          Tloc           #.........   99%         3    ####...
 Yara's Violent Unravell  Hex/Tmut       #.........   100%        5    ######.


Dungeon Overview and Level Annotations

Branches:
Dungeon (5/15)
 Temple: D:4-7

Altars:
Trog
Wu Jian

Shops:
D:4 *


Innate Abilities, Weirdness & Mutations

You are dopey. (Int -2)
Your system is resistant to poisons. (rPois)


Message History

Items here: )) [ †† a club; a dagger; a robe; an orc corpse x2
You barely miss the orc. The orc hits you but does no damage.
You hit the orc.
The orc is lightly wounded.
An orc comes into view. It is wielding an enchanted falchion.
The orc hits you.
* * * LOW HITPOINT WARNING * * *
Okay, then.
The orc shouts!
You slash the orc!
You kill the orc!
You miss the crimson imp.
Unknown command.
You completely miss the crimson imp. The crimson imp closely misses you.
Unknown command.
You slash the orc!
You kill the orc!
You closely miss the crimson imp. The crimson imp hits you.
You die...

..##.# ....# .#..##
.>..# ..?.. .. #.#.#
#.# #5#.#.# #.#
#@#.#.# #.# #)#.#.#
###.###
#...#.###.....#
##..#.##......####
#..#.#...........
#.†#.........#### ###
#............##.. ..
......................
###.#.
###.##.####...#.#.....


You could see a crimson imp.

Vanquished Creatures
  A jelly (D:5)
  Jessica (D:3)
  A worker ant (D:4)
  An orc wizard (D:5)
  3 gnolls (D:3)
  3 adders
  A dart slug (D:3)
  2 leopard geckos
  12 orcs
  A goblin (D:3)
  3 kobolds
  2 quokkas (D:5)
  A ball python (D:5)
  3 bats (D:3)
  A frilled lizard (D:3)
  A rat (D:3)
37 creatures vanquished.

Notes
Turn   | Place    | Note
-------+----------+-------------------------------------------
     0 | D:1      | 4thArraOfDagon the Hill Orc Fighter began the quest for the Orb.
     0 | D:1      | Reached XP level 1. HP: 19/19 MP: 1/1
    31 | D:2      | Reached skill level 3 in Axes
    31 | D:2      | Reached XP level 2. HP: 26/27 MP: 2/2
   161 | D:3      | Reached XP level 3. HP: 21/33 MP: 3/3
   196 | D:4      | Noticed a big kobold
   241 | D:3      | Noticed Jessica
   249 | D:3      | Killed Jessica
   249 | D:3      | Reached skill level 4 in Axes
   286 | D:3      | Reached XP level 4. HP: 27/40 MP: 4/4
   294 | D:3      | Lua error: ...ter/crawl-git-b446440d2e/data/dat/clua/autofight.lua:293: Cannot currently process new keys (there is pending input)
   425 | D:3      | Found a bloodstained altar of Trog.
   482 | D:4      | Reached skill level 5 in Axes
   482 | D:4      | Reached XP level 5. HP: 14/47 MP: 5/5
   497 | D:4      | Found Tyukom's Assorted Antiques.
   506 | D:4      | Bought a scroll labeled EHIEN KUDOASS for 30 gold pieces
   506 | D:4      | Bought a bubbling amethyst potion for 27 gold pieces
   506 | D:4      | Bought a bubbling white potion for 27 gold pieces
   544 | D:5      | Entered Level 5 of the Dungeon
   547 | D:5      | Found an ornate altar of the Wu Jian Council.
   648 | D:5      | Gained mutation: You are dopey. (Int -2) [potion of mutation]
   648 | D:5      | Gained mutation: Your system is resistant to poisons. (rPois) [potion of mutation]
   650 | D:5      | HP: 2/47 [acid (10)]
   669 | D:5      | HP: 1/47 [orc (3)]
   673 | D:5      | Slain by a crimson imp

Vault maps used:
D:1:      dpeg_arrival_line_fractal
D:2:      minmay_misc_feat_doors
D:3:      trog_three_pillars_becter, uniq_jessica
D:4:      serial_shops, shop, shop
D:5:      marbit_many_paths, nicolae_overflow_crystal_walls,
          kennysheep_little_box, first_ration, serial_shops, shop

Skill      XL: |  1  2  3  4 |
---------------+-------------+-----
Axes           | 3 4 5 |  5.7
Fighting       | 4 |  4.9
Armour         | 4 |  4.4
Shields        | |  3.2

Action                   |  1- 3 |  4- 6 || total
-------------------------+-------+-------++-------
Melee: War axe           |    50 |    62 ||   112
  Use: Potion            |       |     4 ||     4
Armor: Scale mail        |    25 |    23 ||    48
Dodge: Dodged            |    20 |    32 ||    52

Table legend:
 A = Spawn XP
 B = Non-spawn XP
 C = Spawn XP percentage of total XP
 D = Spawn monster count
 E = Non-spawn monster count
 F = Spawn count percentage of total count
 G = Total turns spent on level
                    A         B        C        D         E        F      G
               +---------+---------+-------+---------+---------+-------+---------
         Total |       0 |     290 |   0.0 |       0 |      37 |   0.0 |   673
               +---------+---------+-------+---------+---------+-------+---------
           D:2 |       0 |      15 |   0.0 |       0 |       2 |   0.0 |    78
           D:3 |       0 |     136 |   0.0 |       0 |      24 |   0.0 |   353
           D:4 |       0 |      49 |   0.0 |       0 |       2 |   0.0 |   102
           D:5 |       0 |      90 |   0.0 |       0 |       9 |   0.0 |   127
               +---------+---------+-------+---------+---------+-------+---------
